 Dungeon Crawl Stone Soup version 0.24-a0-524-gf43b32f898 (webtiles) character file.

Game seed: 9944116736015320310

39 Carillon the Sneak (level 3, -3/19 HPs)
             Began as a Vampire Enchanter on July 31, 2019.
             Slain by a worm (6 damage)
             ... on level 2 of the Dungeon.
             The game lasted 00:05:23 (1315 turns).

Carillon the Sneak (Vampire Enchanter)              Turns: 1315, Time: 00:05:24

Health: -3/19      AC:  3    Str:  8    XL:     3   Next: 28%
Magic:  0/6        EV: 12    Int: 17    God:
Gold:   42         SH:  0    Dex: 14    Spells: 0/6 levels left

rFire    . . .     SeeInvis +   a - +1 dagger
rCold    + + .     Gourm    .   (no shield)
rNeg     + + +     Faith    .   b - +0 robe
rPois    ∞         Spirit   .   (no helmet)
rElec    .         Reflect  .   e - +0 cloak
rCorr    .         Harm     .   (no gloves)
MR       .....                  (no boots)
Stlth    +++++.....             (no amulet)
HPRegen  0.00/turn              (no ring)
MPRegen  0.10/turn              (no ring)

@: bloodless, regenerating quickly
A: no food, fangs 3, see invisible, unbreathing
a: Bat Form, Revivify


You were on level 2 of the Dungeon.
You were bloodless.

You visited 1 branch of the dungeon, and saw 2 of its levels.

You collected 42 gold pieces.

Inventory:

Hand Weapons
 a - a +1 dagger (weapon)
Armour
 b - a +0 robe (worn)
 e - a +0 cloak (worn)
Scrolls
 c - a scroll of enchant armour {unknown}
 d - 2 scrolls of identify {unknown}
 f - 2 scrolls of teleportation {unknown}
 g - a scroll of remove curse {unknown}
Potions
 h - a potion of haste {unknown}
 i - a potion of brilliance {unknown}


   Skills:
 * Level 2.8 Short Blades
 - Level 2.1 Dodging
 + Level 5.1 Stealth
 - Level 2.0 Spellcasting
 - Level 4.4 Hexes
 - Level 1.0 Ice Magic


You couldn't memorise any spells.
You knew the following spells:

 Your Spells              Type           Power        Failure   Level  Hunger
a - Corona                Hex            ###....      3%          1    N/A
b - Ensorcelled Hibernat  Hex/Ice        ##....       10%         2    N/A
c - Confuse               Hex            ###.....     10%         3    N/A

Your spell library contained the following spells:

 Spells                   Type           Power        Failure   Level  Hunger
 Tukima's Dance           Hex            ###.....     10%         3    N/A
 Dazzling Spray           Conj/Hex       #.....       24%         3    N/A

Dungeon Overview and Level Annotations

Branches:
Dungeon (2/15)

Altars:


Innate Abilities, Weirdness & Mutations

You do not eat.
You do not regenerate when monsters are visible.
You are frail without blood (-20% HP).
You are immune to poison.
You have razor-sharp teeth.
You have supernaturally acute eyesight. (SInv)
You can survive without breathing.


Message History

Confirm with . or Enter, or press ? or * to list all spells.
Aiming: Ensorcelled Hibernation (safe; 10% risk of failure)
Press: ? - help, Shift-Dir - straight line, f/p - worm
Aim: a worm (chance to defeat MR: 50%)
The worm resists with some effort.
You hit the worm. Your bite misses the worm.
The worm is lightly wounded.
The worm bites you.
You hit the worm.
The worm is lightly wounded.
You hit the worm. You bite the worm.
The worm is moderately wounded.
The worm bites you!
* * * LOW HITPOINT WARNING * * *
You hit the worm but do no damage.
The worm is moderately wounded.
You hit the worm.
The worm is moderately wounded.
The worm bites you.
You die...

.. #.# .# #.# .###
#.# ..# #.# #.##
#†# #..# #.# ##S#
#.# #w##### ##.##
#.@...## #..†.
#####..# ####.#..
##.# ###.......
##.###...##.#..
#......####.#..
......####..###.###
###### ##...#.#
###.#.# #.#.#


You could see a worm and an adder.

Vanquished Creatures
  An adder (D:2)
  3 dart slugs (D:1)
  A leopard gecko (D:1)
  3 giant cockroaches (D:1)
  4 goblins
  4 jackals (D:1)
  A bat (D:1)
  3 kobolds (D:1)
  3 rats
23 creatures vanquished.

Notes
Turn   | Place    | Note
-------+----------+-------------------------------------------
     0 | D:1      | Carillon the Vampire Enchanter began the quest for the Orb.
     0 | D:1      | Reached XP level 1. HP: 13/13 MP: 3/3
     6 | D:1      | Noticed a black bear
     6 | D:1      | Noticed a wolf
     6 | D:1      | Noticed a lindwurm
     6 | D:1      | Noticed a salamander
   450 | D:1      | Reached XP level 2. HP: 19/19 MP: 5/5
   588 | D:1      | Learned a level 2 spell: Ensorcelled Hibernation
   879 | D:1      | Reached skill level 5 in Stealth
  1180 | D:1      | Reached XP level 3. HP: 24/24 MP: 6/6
  1185 | D:1      | Learned a level 3 spell: Confuse
  1242 | D:2      | Reached skill level 1 in Ice Magic
  1315 | D:2      | Slain by a worm

Levels and vault maps discovered:
D:1:      onia_arrival_zoo_common, layout_basic
D:2:      layout_rooms, first_ration

Skill      XL: |  1  2  3 |
---------------+----------+-----
Short Blades   | 2 |  2.8
Stealth        | 5 |  5.1
Ice Magic      | 1 |  1.0
Dodging        | |  2.1
Spellcasting   | |  2.0
Hexes          | |  4.4

Action                   || total
-------------------------++-------
Melee: Dagger            ||   121
       Bite              ||     5
 Cast: Ensorcelled Hiber ||     6
 Abil: Exsanguinate      ||     1
 Stab: Sleeping          ||     4
Armor: Robe              ||    25
Dodge: Dodged            ||    63

Table legend:
 A = Non-vault XP
 B = Vault XP
 C = Vault XP percentage of total XP
 D = Non-vault monster count
 E = Vault monster count
 F = Vault count percentage of total count
                 A         B        C        D         E       F
            +---------+---------+-------+---------+---------+-------
      Total |      57 |       0 |   0.0 |      23 |       0 |   0.0
            +---------+---------+-------+---------+---------+-------
        D:1 |      41 |       0 |   0.0 |      20 |       0 |   0.0
        D:2 |      16 |       0 |   0.0 |       3 |       0 |   0.0
            +---------+---------+-------+---------+---------+-------
